Maple Leafs vs Blackhawks (R1)

Created - 16 novembre 2014 at 22:13

Goals
1 2 3 T
Maple Leafs 1 2 1 4
Blackhawks 0 2 0 2
Shots
1 2 3 T
Maple Leafs 12 9 7 28
Blackhawks 11 11 10 32

1st period

1. Maple Leafs , Evgeni Malkin 14 (Claude Giroux, Justin Abdelkader) at 8:39

Penalties :
Brendan Morrison (Tor) for Hooking (Minor) at 13:09, Brendan Morrison (Tor) for Roughing (Minor) at 18:57

2nd period

2. Maple Leafs , Alexander Frolov 11 (Tobias Enstrom) at 12:36 (SH)
3. Blackhawks , Henrik Zetterberg 16 (John Carlson, Roberto Luongo) at 12:50 (PP)
4. Blackhawks , Scott Gomez 8 (Henrik Zetterberg) at 13:28
5. Maple Leafs , Evgeni Malkin 15 (Tobias Enstrom, Dion Phaneuf) at 15:36 (SH)

Penalties :
Matt Pettinger (Tor) for Hooking (Minor) at 2:24, Dion Phaneuf (Tor) for Diving (Minor) at 12:01, Colby Armstrong (Tor) for Roughing (Minor) at 15:11

3rd period

6. Maple Leafs , Evgeni Malkin 16 (Claude Giroux, Alexander Frolov) at 11:58

Penalties :
Kris Versteeg (Chi) for Tripping (Minor) at 0:22, Byron Bitz (Tor) for Hooking (Minor) at 3:36, Rob Schremp (Tor) for Hooking (Minor) at 6:35, Rob Schremp (Tor) for Roughing (Minor) at 8:37, Robert Nilsson (Chi) for Tripping (Minor) at 12:20

Goalie Stats

Marc-André Fleury (Tor), 30 saves from 32 shots - (0,938), W, 11-8-2, 60:00 minutes
Roberto Luongo (Chi), 24 saves from 28 shots - (0,857), L, 13-7-2, 60:00 minutes

Players Stats for Maple Leafs

Player Name              G  A  P  +/- PIM S  H  SB GA TA FO     MP     PP MP  PK MP  
------------------------------------------------------------------------------------
Alex Goligoski           0  0  0  -1  0   2  2  0  1  0  0/0    20:02   1:36   6:01 
Alexander Frolov         1  1  2   0  0   2  3  0  0  1  0/0    18:21   2:16   5:33 
Blake Comeau             0  0  0   0  0   0  1  0  1  0  0/0     6:06   0:00   0:00 
Braydon Coburn           0  0  0   2  0   0  0  0  1  1  0/0    23:24   0:00   6:58 
Brendan Morrison         0  0  0  -1  4   0  1  0  0  0  3/16   12:33   1:42   0:22 
Byron Bitz               0  0  0  -1  2   2  0  0  0  1  0/0    12:04   1:42   0:00 
Claude Giroux            0  2  2   3  0   3  2  0  3  0  0/0    24:36   2:16   8:37 
Colby Armstrong          0  0  0   0  2   2  2  0  1  0  1/1    10:52   0:00   0:00 
Dion Phaneuf             0  1  1   2  2   0  2  1  2  1  0/0    29:02   2:22   7:52 
Evgeni Malkin            3  0  3   3  0   6  4  0  0  1  27/43  24:40   2:16   8:34 
Jamie McBain             0  0  0   1  0   0  1  0  0  0  0/0    11:54   1:36   0:00 
Jordan Staal             0  0  0   1  0   2  0  0  1  1  4/8    15:29   0:00   4:40 
Justin Abdelkader        0  1  1   2  0   1  2  0  0  0  0/2    14:09   0:00   0:27 
Lubomir Visnovsky        0  0  0   1  0   2  1  0  0  0  0/0    10:06   0:00   0:00 
Matt Pettinger           0  0  0   0  2   3  2  1  0  0  0/1    10:51   0:00   0:00 
Rob Schremp              0  0  0   0  4   0  1  0  0  0  1/3     6:14   0:00   0:00 
Steve Ott                0  0  0   0  0   2  1  0  1  0  0/0     9:16   1:42   1:11 
Tobias Enstrom           0  2  2   1  0   1  0  4  0  2  0/0    25:31   2:22   8:33 

Players Stats for Blackhawks

Player Name              G  A  P  +/- PIM S  H  SB GA TA FO     MP     PP MP  PK MP  
------------------------------------------------------------------------------------
Chris Campoli            0  0  0   0  0   0  2  0  0  0  0/0    15:34   2:43   0:00 
Chris Higgins            0  0  0  -2  0   0  1  0  0  1  0/0    11:57   5:38   0:13 
Daniel Carcillo          0  0  0   0  0   2  0  0  1  0  0/0     8:03   0:27   0:32 
Dominic Moore            0  0  0  -1  0   0  2  0  0  1  4/9    12:15   0:00   2:06 
George Parros            0  0  0  -1  0   1  1  0  0  0  1/1     9:59   0:07   0:00 
Henrik Zetterberg        1  1  2  -2  0   7  3  1  0  0  2/3    23:00  11:50   0:00 
Jamie Langenbrunner      0  0  0  -1  0   2  4  0  0  0  2/3    24:34   8:00   2:06 
Jeff Schultz             0  0  0  -1  0   0  1  2  1  1  0/0    19:50   0:09   2:13 
John Carlson             0  1  1  -2  0   2  0  1  0  2  0/0    19:25   8:39   0:00 
Johnny Oduya             0  0  0  -1  0   3  1  1  0  1  0/0    25:26   6:03   1:45 
Kris Versteeg            0  0  0  -1  2   4  2  1  4  0  0/1    23:57   8:00   0:00 
Oleg Kvasha              0  0  0   0  0   0  2  0  0  1  5/5     9:40   0:45   0:58 
Robert Nilsson           0  0  0  -1  2   4  4  4  1  3  15/34  23:02   8:00   0:35 
Scott Gomez              1  0  1  -1  0   5  1  0  0  0  8/17   17:50   6:34   0:19 
Sheldon Keefe            0  0  0   0  0   0  1  0  0  1  0/0     7:23   0:00   1:07 
Steve Bernier            0  0  0  -1  0   2  0  0  1  0  1/1    17:19   6:35   0:00 
Steve McCarthy           0  0  0   0  0   0  0  0  0  0  0/0    14:00   0:00   1:45 
Wes O'Neill              0  0  0   0  0   0  0  0  0  0  0/0    12:46   0:00   2:13 

3 Stars

1 - Evgeni Malkin (Tor)
2 - Claude Giroux (Tor)
3 - Alexander Frolov (Tor)

Power Play

Maple Leafs - 0 on 2 Attempt(s) - 0,00%
Blackhawks - 1 on 8 Attempt(s) - 12,50%

Penalty Kill

Maple Leafs - 7 on 8 Attempt(s) - 87,50% - Score 2 goal in Penalty Kill
Blackhawks - 2 on 2 Attempt(s) - 100,00% - Score 0 goal in Penalty Kill

Official

Referees : Auger Stephane and McCreary Bill
Linesman : Jonny Murray and Thor Nelson

Game Notes

Chris Higgins is injured at 8:27 of 3rd period (Sprained Right Ankle)
Evgeni Malkin has scored a Hat Trick!

Finance

Level 1 -- Attendance: 4970 (82,83%) -- Ticket Income 437 360 $
Level 2 -- Attendance: 5000 (100,00%) -- Ticket Income 265 000 $
Level 3 -- Attendance: 1710 (85,50%) -- Ticket Income 58 140 $
Level 4 -- Attendance: 2969 (74,23%) -- Ticket Income 65 318 $
Luxury Box -- Attendance: 1000 (100,00%) -- Ticket Income 165 000 $
Game was played at the Chicago Stadium
Total Attendance: 15649 (86,94%)
Total Ticket Income: 990 818 $
Other Income: 148 623 $
Total Income: 1 139 441 $

Maple Leafs

5 vs 5 Forward 
   Center                   Left Wing                Right Wing               Time % Phy DF OF 
 1 Evgeni Malkin            Justin Abdelkader        Claude Giroux            40     1   2  2  
 2 Brendan Morrison         Alexander Frolov         Byron Bitz               30     1   2  2  
 3 Jordan Staal             Matt Pettinger           Colby Armstrong          20     1   2  2  
 4 Rob Schremp              Steve Ott                Blake Comeau             10     1   2  2  

5 vs 5 Defense 
   Defense                  Defense                                           Time % Phy DF OF 
 1 Dion Phaneuf             Braydon Coburn                                    40     1   3  1  
 2 Alex Goligoski           Tobias Enstrom                                    30     1   2  2  
 3 Lubomir Visnovsky        Jamie McBain                                      20     1   2  2  
 4 Dion Phaneuf             Tobias Enstrom                                    10     1   2  2  

PowerPlay Forward 
   Center                   Left Wing                Right Wing               Time % Phy DF OF 
 1 Evgeni Malkin            Alexander Frolov         Claude Giroux            60     1   2  2  
 2 Brendan Morrison         Steve Ott                Byron Bitz               40     1   2  2  

PowerPlay Defense
   Defense                  Defense                                           Time % Phy DF OF 
 1 Dion Phaneuf             Tobias Enstrom                                    60     1   2  2  
 2 Alex Goligoski           Jamie McBain                                      40     1   2  2  

Penalty Kill 4 Players Forward 
   Center                   Wing                     Time % Phy DF OF 
 1 Evgeni Malkin            Claude Giroux            60     1   2  2  
 2 Jordan Staal             Alexander Frolov         40     1   2  2  

Penalty Kill 4 Players Defense
   Defense                  Defense                  Time % Phy DF OF 
 1 Dion Phaneuf             Tobias Enstrom           60     1   2  2  
 2 Alex Goligoski           Braydon Coburn           40     1   2  2  

Penalty Kill - 3 Players Forward 
   Forward                                           Time % Phy DF OF 
 1 Claude Giroux                                     60     1   2  2  
 2 Evgeni Malkin                                     40     1   2  2  

Penalty Kill - 3 Players Defense
   Defense                  Defense                  Time % Phy DF OF 
 1 Dion Phaneuf             Tobias Enstrom           60     1   2  2  
 2 Alex Goligoski           Braydon Coburn           40     1   2  2  

4 vs 4 Forward 
   Center                   Wing                     Time % Phy DF OF 
 1 Evgeni Malkin            Claude Giroux            60     1   2  2  
 2 Brendan Morrison         Alexander Frolov         40     1   2  2  

4 vs 4 Defense
   Defense                  Defense                  Time % Phy DF OF 
 1 Dion Phaneuf             Tobias Enstrom           60     1   2  2  
 2 Alex Goligoski           Jamie McBain             40     1   2  2  

Last Minutes Offensive
   Center                   Left Wing                Right Wing               Defense                  Defense                  
   Evgeni Malkin            Alexander Frolov         Claude Giroux            Dion Phaneuf             Tobias Enstrom           

Last Minutes Defensive
   Center                   Left Wing                Right Wing               Defense                  Defense                  
   Evgeni Malkin            Alexander Frolov         Claude Giroux            Dion Phaneuf             Tobias Enstrom           

Goaltenders
Starting : Marc-André Fleury        
Backup : Niklas Backstrom         

Extra Forwards
Normal : Jordan Staal, Claude Giroux, Byron Bitz - PP : Jordan Staal, Byron Bitz - PK : Steve Ott
Extra Defensemen
Normal : Tobias Enstrom, Dion Phaneuf, Lubomir Visnovsky - PP : Jamie McBain - PK : Braydon Coburn, Dion Phaneuf
Penalty Shots
Claude Giroux, Evgeni Malkin, Alexander Frolov, Brendan Morrison, Byron Bitz

Blackhawks

5 vs 5 Forward 
   Center                   Left Wing                Right Wing               Time % Phy DF OF 
 1 Robert Nilsson           Kris Versteeg            Jamie Langenbrunner      40     1   2  2  
 2 Scott Gomez              Henrik Zetterberg        Steve Bernier            30     1   2  2  
 3 Dominic Moore            Chris Higgins            George Parros            20     1   2  2  
 4 Oleg Kvasha              Daniel Carcillo          Sheldon Keefe            10     1   2  2  

5 vs 5 Defense 
   Defense                  Defense                                           Time % Phy DF OF 
 1 Johnny Oduya             Jeff Schultz                                      40     1   2  2  
 2 Steve McCarthy           Chris Campoli                                     30     1   2  2  
 3 Wes O'Neill              John Carlson                                      20     1   2  2  
 4 Johnny Oduya             Jeff Schultz                                      10     1   2  2  

PowerPlay Forward 
   Center                   Left Wing                Right Wing               Time % Phy DF OF 
 1 Robert Nilsson           Kris Versteeg            Jamie Langenbrunner      60     1   2  2  
 2 Scott Gomez              Chris Higgins            Steve Bernier            40     1   2  2  

PowerPlay Defense
   Defense                  Defense                                           Time % Phy DF OF 
 1 Henrik Zetterberg        John Carlson                                      60     1   2  2  
 2 Henrik Zetterberg        Johnny Oduya                                      40     1   2  2  

Penalty Kill 4 Players Forward 
   Center                   Wing                     Time % Phy DF OF 
 1 Dominic Moore            Jamie Langenbrunner      60     1   2  2  
 2 Robert Nilsson           Sheldon Keefe            40     1   2  2  

Penalty Kill 4 Players Defense
   Defense                  Defense                  Time % Phy DF OF 
 1 Wes O'Neill              Jeff Schultz             60     1   2  2  
 2 Steve McCarthy           Johnny Oduya             40     1   2  2  

Penalty Kill - 3 Players Forward 
   Forward                                           Time % Phy DF OF 
 1 Henrik Zetterberg                                 60     1   2  2  
 2 Robert Nilsson                                    40     1   2  2  

Penalty Kill - 3 Players Defense
   Defense                  Defense                  Time % Phy DF OF 
 1 Johnny Oduya             Jeff Schultz             60     1   2  2  
 2 Steve McCarthy           Wes O'Neill              40     1   2  2  

4 vs 4 Forward 
   Center                   Wing                     Time % Phy DF OF 
 1 Robert Nilsson           Henrik Zetterberg        60     1   2  2  
 2 Scott Gomez              Kris Versteeg            40     1   2  2  

4 vs 4 Defense
   Defense                  Defense                  Time % Phy DF OF 
 1 Johnny Oduya             Jeff Schultz             60     1   2  2  
 2 Steve McCarthy           Wes O'Neill              40     1   2  2  

Last Minutes Offensive
   Center                   Left Wing                Right Wing               Defense                  Defense                  
   Robert Nilsson           Henrik Zetterberg        Jamie Langenbrunner      Johnny Oduya             John Carlson             

Last Minutes Defensive
   Center                   Left Wing                Right Wing               Defense                  Defense                  
   Robert Nilsson           Henrik Zetterberg        Jamie Langenbrunner      Wes O'Neill              Jeff Schultz             

Goaltenders
Starting : Roberto Luongo           
Backup : Jocelyn Thibault         

Extra Forwards
Normal : Oleg Kvasha, Chris Higgins, Dominic Moore - PP : Oleg Kvasha, Chris Higgins - PK : Dominic Moore
Extra Defensemen
Normal : Chris Campoli, Wes O'Neill, Jeff Schultz - PP : Chris Campoli - PK : Johnny Oduya, Jeff Schultz
Penalty Shots
Henrik Zetterberg, Robert Nilsson, Kris Versteeg, Scott Gomez, George Parros

% Time on Ice - Maple Leafs

Lines # - Real PCT - Wanted PCT - Time Play
Normal Forward
1 - 34% - 40% - 14:03
2 - 25% - 30% - 10:23
3 - 26% - 20% - 10:48
4 - 15% - 10% - 6:06
Normal Defense
1 - 41% - 40% - 16:54
2 - 30% - 30% - 12:25
3 - 24% - 20% - 10:06
4 - 5% - 10% - 1:55
PP Forward
1 - 57% - 60% - 2:16
2 - 43% - 40% - 1:42
PP Defense
1 - 60% - 60% - 2:22
2 - 40% - 40% - 1:36
PK Forward
1 - 68% - 60% - 10:02
2 - 32% - 40% - 4:40
PK Defense
1 - 58% - 60% - 8:33
2 - 42% - 40% - 6:09
PK3 Forward
1 - 0% - 60%
2 - 0% - 40%
PK3 Defense
1 - 0% - 60%
2 - 0% - 40%
44 Forward
1 - 0% - 60%
2 - 0% - 40%
44 Defense
1 - 0% - 60%
2 - 0% - 40%
Last Minute Offensive  - 0:00
Last Minute Defensive  - 0:00
Total
Forward - 60:00
Defense - 60:00

% Time on Ice - Blackhawks

Lines # - Real PCT - Wanted PCT - Time Play
Normal Forward
1 - 35% - 40% - 14:28
2 - 27% - 30% - 10:58
3 - 24% - 20% - 9:52
4 - 15% - 10% - 6:02
Normal Defense
1 - 40% - 40% - 16:33
2 - 32% - 30% - 13:06
3 - 23% - 20% - 9:38
4 - 5% - 10% - 2:03
PP Forward
1 - 54% - 60% - 8:00
2 - 46% - 40% - 6:42
PP Defense
1 - 59% - 60% - 8:39
2 - 41% - 40% - 6:03
PK Forward
1 - 72% - 60% - 2:51
2 - 28% - 40% - 1:07
PK Defense
1 - 56% - 60% - 2:13
2 - 44% - 40% - 1:45
PK3 Forward
1 - 0% - 60%
2 - 0% - 40%
PK3 Defense
1 - 0% - 60%
2 - 0% - 40%
44 Forward
1 - 0% - 60%
2 - 0% - 40%
44 Defense
1 - 0% - 60%
2 - 0% - 40%
Last Minute Offensive  - 0:00
Last Minute Defensive  - 0:00
Total
Forward - 60:00
Defense - 60:00

Play by Play

1st period


0:01 of 1st period - Evgeni Malkin wins face-off versus Robert Nilsson in neutral zone.
0:06 of 1st period - Slapshot by Claude Giroux.
0:06 of 1st period - Stopped by Roberto Luongo with a rebound.
0:28 of 1st period - Wrist shot by Byron Bitz.
0:28 of 1st period - Stopped by Roberto Luongo with a rebound.
0:36 of 1st period - Snap shot by Steve Bernier.
0:36 of 1st period - Shot Misses the Net.
0:54 of 1st period - Wrist shot by Matt Pettinger.
0:54 of 1st period - Shot Misses the Net.
0:56 of 1st period - Slapshot by Dion Phaneuf.
0:56 of 1st period - Deflect By Matt Pettinger.
0:56 of 1st period - Stopped by Roberto Luongo with a rebound.
1:25 of 1st period - Icing by Steve McCarthy.
1:26 of 1st period - Oleg Kvasha wins face-off versus Justin Abdelkader in Blackhawks zone.
1:33 of 1st period - Jamie McBain is hit by Jamie Langenbrunner and loses puck.
1:52 of 1st period - Wes O'Neill is hit by Jamie McBain and loses puck.
2:03 of 1st period - Snap shot by Brendan Morrison.
2:03 of 1st period - Shot Misses the Net.
2:25 of 1st period - Tobias Enstrom is hit by Dominic Moore and loses puck.
2:59 of 1st period - Wrist shot by Jordan Staal.
2:59 of 1st period - Shot Blocked by Kris Versteeg.
3:01 of 1st period - Wrist shot by Colby Armstrong.
3:01 of 1st period - Shot Blocked by Robert Nilsson.
3:03 of 1st period - Slapshot by Tobias Enstrom.
3:03 of 1st period - Stopped by Roberto Luongo with a rebound.
3:07 of 1st period - Slapshot by Colby Armstrong.
3:07 of 1st period - Shot Misses the Net.
3:09 of 1st period - Snap shot by Matt Pettinger.
3:09 of 1st period - Stopped by Roberto Luongo without a rebound.
3:10 of 1st period - Evgeni Malkin wins face-off versus Robert Nilsson in Blackhawks zone.
3:21 of 1st period - Snap shot by Evgeni Malkin.
3:21 of 1st period - Stopped by Roberto Luongo without a rebound.
3:22 of 1st period - Scott Gomez wins face-off versus Evgeni Malkin in Blackhawks zone.
3:47 of 1st period - Robert Nilsson is hit by Lubomir Visnovsky and loses puck.
4:07 of 1st period - Off-side.
4:08 of 1st period - Rob Schremp wins face-off versus Dominic Moore in neutral zone.
5:47 of 1st period - Jamie Langenbrunner is hit by Matt Pettinger and loses puck.
6:30 of 1st period - Snap shot by Jordan Staal.
6:30 of 1st period - Shot Misses the Net.
6:32 of 1st period - Wrist shot by Matt Pettinger.
6:32 of 1st period - Stopped by Roberto Luongo without a rebound.
6:33 of 1st period - Evgeni Malkin wins face-off versus Robert Nilsson in Blackhawks zone.
6:58 of 1st period - Robert Nilsson is hit by Steve Ott and loses puck.
7:25 of 1st period - Steve Bernier is hit by Alexander Frolov and loses puck.
7:42 of 1st period - Wrist shot by George Parros.
7:42 of 1st period - Stopped by Marc-André Fleury with a rebound.
8:04 of 1st period - Chris Higgins is hit by Justin Abdelkader and loses puck.
8:13 of 1st period - Alex Goligoski is hit by George Parros and loses puck.
8:26 of 1st period - Chris Campoli is hit by Claude Giroux and loses puck.
8:39 of 1st period - Wrist shot by Evgeni Malkin.
8:39 of 1st period - Goal by Evgeni Malkin - Maple Leafs : 1 - Blackhawks : 0.
8:40 of 1st period - Robert Nilsson wins face-off versus Brendan Morrison in neutral zone.
8:52 of 1st period - Off-side.
8:53 of 1st period - Brendan Morrison wins face-off versus Scott Gomez in neutral zone.
9:18 of 1st period - Robert Nilsson is hit by Rob Schremp and loses puck.
9:27 of 1st period - Snap shot by Rob Schremp.
9:27 of 1st period - Shot Blocked by Robert Nilsson.
9:29 of 1st period - Snap shot by Steve Ott.
9:29 of 1st period - Shot Blocked by Jeff Schultz.
9:31 of 1st period - Wrist shot by Blake Comeau.
9:31 of 1st period - Shot Misses the Net.
9:45 of 1st period - Claude Giroux is hit by Oleg Kvasha and loses puck.
10:28 of 1st period - Snap shot by Henrik Zetterberg.
10:28 of 1st period - Stopped by Marc-André Fleury without a rebound.
10:29 of 1st period - Scott Gomez wins face-off versus Brendan Morrison in Maple Leafs zone.
10:40 of 1st period - Snap shot by Henrik Zetterberg.
10:40 of 1st period - Deflect By Scott Gomez.
10:40 of 1st period - Stopped by Marc-André Fleury with a rebound.
10:42 of 1st period - Wrist shot by Steve Bernier.
10:42 of 1st period - Shot Misses the Net.
10:57 of 1st period - Off-side.
10:58 of 1st period - Evgeni Malkin wins face-off versus Jamie Langenbrunner in neutral zone.
11:08 of 1st period - Wrist shot by Evgeni Malkin.
11:08 of 1st period - Stopped by Roberto Luongo with a rebound.
11:10 of 1st period - Slapshot by Jamie McBain.
11:10 of 1st period - Shot Misses the Net.
11:12 of 1st period - Wrist shot by Jamie McBain.
11:12 of 1st period - Shot Blocked by Robert Nilsson.
11:14 of 1st period - Slapshot by Lubomir Visnovsky.
11:14 of 1st period - Stopped by Roberto Luongo without a rebound.
11:15 of 1st period - Steve Bernier wins face-off versus Brendan Morrison in Blackhawks zone.
11:30 of 1st period - Snap shot by Scott Gomez.
11:30 of 1st period - Stopped by Marc-André Fleury with a rebound.
12:17 of 1st period - Slapshot by Daniel Carcillo.
12:17 of 1st period - Stopped by Marc-André Fleury with a rebound.
12:24 of 1st period - Icing by Jamie McBain.
12:25 of 1st period - Dominic Moore wins face-off versus Jordan Staal in Maple Leafs zone.
12:30 of 1st period - Wrist shot by Chris Higgins.
12:30 of 1st period - Shot Misses the Net.
12:49 of 1st period - Off-side.
12:50 of 1st period - Robert Nilsson wins face-off versus Evgeni Malkin in neutral zone.
12:53 of 1st period - Claude Giroux is hit by Robert Nilsson and loses puck.
12:58 of 1st period - Slapshot by Robert Nilsson.
12:58 of 1st period - Shot Misses the Net.
13:00 of 1st period - Wrist shot by Robert Nilsson.
13:00 of 1st period - Stopped by Marc-André Fleury without a rebound.
13:01 of 1st period - Jamie Langenbrunner wins face-off versus Brendan Morrison in Maple Leafs zone.
13:09 of 1st period - Minor Penalty to Brendan Morrison for Hooking.
13:10 of 1st period - Evgeni Malkin wins face-off versus Robert Nilsson in Maple Leafs zone.
14:31 of 1st period - Claude Giroux is hit by Johnny Oduya and loses puck.
15:08 of 1st period - Wrist shot by Kris Versteeg.
15:08 of 1st period - Shot Blocked by Tobias Enstrom.
15:09 of 1st period - Penalty to Brendan Morrison is over, Brendan Morrison is back on ice.
16:19 of 1st period - Icing by Sheldon Keefe.
16:20 of 1st period - George Parros wins face-off versus Evgeni Malkin in Blackhawks zone.
16:43 of 1st period - Tobias Enstrom is hit by Kris Versteeg and loses puck.
17:06 of 1st period - Snap shot by Kris Versteeg.
17:06 of 1st period - Shot Blocked by Dion Phaneuf.
17:41 of 1st period - Wes O'Neill is hit by Claude Giroux and loses puck.
17:46 of 1st period - Snap shot by Claude Giroux.
17:46 of 1st period - Stopped by Roberto Luongo without a rebound.
17:47 of 1st period - Henrik Zetterberg wins face-off versus Brendan Morrison in Blackhawks zone.
18:21 of 1st period - Snap shot by Alex Goligoski.
18:21 of 1st period - Stopped by Roberto Luongo without a rebound.
18:22 of 1st period - Oleg Kvasha wins face-off versus Jordan Staal in Blackhawks zone.
18:32 of 1st period - Icing by Sheldon Keefe.
18:33 of 1st period - Oleg Kvasha wins face-off versus Brendan Morrison in Blackhawks zone.
18:33 of 1st period - Oleg Kvasha is hit by Dion Phaneuf.
18:47 of 1st period - Snap shot by Daniel Carcillo.
18:47 of 1st period - Stopped by Marc-André Fleury without a rebound.
18:48 of 1st period - Scott Gomez wins face-off versus Brendan Morrison in Maple Leafs zone.
18:49 of 1st period - Snap shot by Henrik Zetterberg.
18:49 of 1st period - Stopped by Marc-André Fleury with a rebound.
18:51 of 1st period - Slapshot by Steve Bernier.
18:51 of 1st period - Stopped by Marc-André Fleury with a rebound.
18:53 of 1st period - Snap shot by Henrik Zetterberg.
18:53 of 1st period - Deflect By Scott Gomez.
18:53 of 1st period - Stopped by Marc-André Fleury without a rebound.
18:54 of 1st period - Brendan Morrison wins face-off versus Scott Gomez in Maple Leafs zone.
18:54 of 1st period - Brendan Morrison is hit by Scott Gomez.
18:57 of 1st period - Minor Penalty to Brendan Morrison for Roughing.
18:58 of 1st period - Robert Nilsson wins face-off versus Evgeni Malkin in Maple Leafs zone.
18:58 of 1st period - Snap shot by Kris Versteeg.
18:58 of 1st period - Stopped by Marc-André Fleury without a rebound.
18:59 of 1st period - Evgeni Malkin wins face-off versus Robert Nilsson in Maple Leafs zone.
18:59 of 1st period - Evgeni Malkin is hit by Jamie Langenbrunner.
19:58 of 1st period - Alex Goligoski is hit by Jamie Langenbrunner and loses puck.
Goals for this period are 1 for Maple Leafs vs 0 for Blackhawks.
Shots for this period are 12 for Maple Leafs vs 11 for Blackhawks.

2nd period


0:01 of 2nd period - Evgeni Malkin wins face-off versus Robert Nilsson in neutral zone.
0:57 of 2nd period - Penalty to Brendan Morrison is over, Brendan Morrison is back on ice.
1:28 of 2nd period - George Parros is hit by Blake Comeau and loses puck.
2:00 of 2nd period - Tobias Enstrom is hit by Robert Nilsson and loses puck.
2:11 of 2nd period - Tobias Enstrom is hit by Oleg Kvasha and loses puck.
2:24 of 2nd period - Minor Penalty to Matt Pettinger for Hooking.
2:25 of 2nd period - Evgeni Malkin wins face-off versus Robert Nilsson in Maple Leafs zone.
2:30 of 2nd period - Slapshot by Evgeni Malkin.
2:30 of 2nd period - Shot Blocked by John Carlson.
4:11 of 2nd period - Kris Versteeg is hit by Alex Goligoski and loses puck.
4:20 of 2nd period - Johnny Oduya is hit by Brendan Morrison and loses puck.
4:24 of 2nd period - Penalty to Matt Pettinger is over, Matt Pettinger is back on ice.
4:47 of 2nd period - Lubomir Visnovsky is hit by Henrik Zetterberg and loses puck.
5:50 of 2nd period - Icing by Dion Phaneuf.
5:51 of 2nd period - Dominic Moore wins face-off versus Brendan Morrison in Maple Leafs zone.
6:04 of 2nd period - Wrist shot by Byron Bitz.
6:04 of 2nd period - Shot Hit the Post.
6:24 of 2nd period - Snap shot by Robert Nilsson.
6:24 of 2nd period - Stopped by Marc-André Fleury without a rebound.
6:25 of 2nd period - Evgeni Malkin wins face-off versus Robert Nilsson in Maple Leafs zone.
6:50 of 2nd period - Alex Goligoski is hit by Jeff Schultz and loses puck.
6:55 of 2nd period - Slapshot by Scott Gomez.
6:55 of 2nd period - Stopped by Marc-André Fleury with a rebound.
6:57 of 2nd period - Slapshot by John Carlson.
6:57 of 2nd period - Shot Misses the Net.
6:59 of 2nd period - Slapshot by John Carlson.
6:59 of 2nd period - Shot Misses the Net.
7:54 of 2nd period - Wrist shot by Steve Ott.
7:54 of 2nd period - Stopped by Roberto Luongo with a rebound.
7:58 of 2nd period - Snap shot by Rob Schremp.
7:58 of 2nd period - Shot Blocked by Henrik Zetterberg.
8:00 of 2nd period - Wrist shot by Lubomir Visnovsky.
8:00 of 2nd period - Stopped by Roberto Luongo without a rebound.
8:01 of 2nd period - Evgeni Malkin wins face-off versus Robert Nilsson in Blackhawks zone.
8:56 of 2nd period - Slapshot by Alex Goligoski.
8:56 of 2nd period - Stopped by Roberto Luongo without a rebound.
8:57 of 2nd period - Robert Nilsson wins face-off versus Evgeni Malkin in Blackhawks zone.
9:06 of 2nd period - Backhand shot by Chris Campoli.
9:06 of 2nd period - Shot Blocked by Tobias Enstrom.
9:08 of 2nd period - Slapshot by Steve McCarthy.
9:08 of 2nd period - Shot Blocked by Tobias Enstrom.
9:10 of 2nd period - Snap shot by Jamie Langenbrunner.
9:10 of 2nd period - Stopped by Marc-André Fleury without a rebound.
9:11 of 2nd period - Evgeni Malkin wins face-off versus Robert Nilsson in Maple Leafs zone.
9:17 of 2nd period - Dion Phaneuf is hit by Kris Versteeg and loses puck.
9:46 of 2nd period - Slapshot by Alexander Frolov.
9:46 of 2nd period - Stopped by Roberto Luongo with a rebound.
9:48 of 2nd period - Snap shot by Byron Bitz.
9:48 of 2nd period - Stopped by Roberto Luongo without a rebound.
9:49 of 2nd period - Scott Gomez wins face-off versus Brendan Morrison in Blackhawks zone.
9:54 of 2nd period - Backhand shot by Byron Bitz.
9:54 of 2nd period - Shot Misses the Net.
9:56 of 2nd period - Slapshot by Alex Goligoski.
9:56 of 2nd period - Deflect By Brendan Morrison.
9:56 of 2nd period - Shot Misses the Net.
9:56 of 2nd period - Puck is out of play.
9:57 of 2nd period - Evgeni Malkin wins face-off versus Scott Gomez in Blackhawks zone.
10:01 of 2nd period - Icing by Henrik Zetterberg.
10:02 of 2nd period - Evgeni Malkin wins face-off versus Scott Gomez in Blackhawks zone.
10:15 of 2nd period - Snap shot by Evgeni Malkin.
10:15 of 2nd period - Shot Misses the Net.
10:17 of 2nd period - Snap shot by Claude Giroux.
10:17 of 2nd period - Shot Misses the Net.
10:37 of 2nd period - Wrist shot by Robert Nilsson.
10:37 of 2nd period - Shot Misses the Net.
10:39 of 2nd period - Snap shot by Johnny Oduya.
10:39 of 2nd period - Stopped by Marc-André Fleury without a rebound.
10:40 of 2nd period - Evgeni Malkin wins face-off versus Scott Gomez in Maple Leafs zone.
11:10 of 2nd period - Snap shot by Robert Nilsson.
11:10 of 2nd period - Stopped by Marc-André Fleury with a rebound.
11:12 of 2nd period - Slapshot by John Carlson.
11:12 of 2nd period - Shot Blocked by Matt Pettinger.
12:01 of 2nd period - Minor Penalty to Dion Phaneuf for Diving.
12:02 of 2nd period - Evgeni Malkin wins face-off versus Robert Nilsson in Maple Leafs zone.
12:29 of 2nd period - Robert Nilsson is hit by Alexander Frolov and loses puck.
12:36 of 2nd period - Snap shot by Alexander Frolov.
12:36 of 2nd period - Goal by Alexander Frolov - Maple Leafs : 2 - Blackhawks : 0.
12:37 of 2nd period - Robert Nilsson wins face-off versus Evgeni Malkin in neutral zone.
12:50 of 2nd period - Slapshot by Henrik Zetterberg.
12:50 of 2nd period - Goal by Henrik Zetterberg - Maple Leafs : 2 - Blackhawks : 1.
12:51 of 2nd period - Evgeni Malkin wins face-off versus Robert Nilsson in neutral zone.
12:53 of 2nd period - Off-side.
12:54 of 2nd period - Evgeni Malkin wins face-off versus Robert Nilsson in neutral zone.
13:00 of 2nd period - Off-side.
13:01 of 2nd period - Robert Nilsson wins face-off versus Evgeni Malkin in neutral zone.
13:24 of 2nd period - Snap shot by Kris Versteeg.
13:24 of 2nd period - Stopped by Marc-André Fleury without a rebound.
13:25 of 2nd period - Scott Gomez wins face-off versus Brendan Morrison in Maple Leafs zone.
13:28 of 2nd period - Backhand shot by Scott Gomez.
13:28 of 2nd period - Goal by Scott Gomez - Maple Leafs : 2 - Blackhawks : 2.
13:29 of 2nd period - Robert Nilsson wins face-off versus Justin Abdelkader in neutral zone.
13:32 of 2nd period - Snap shot by Kris Versteeg.
13:32 of 2nd period - Stopped by Marc-André Fleury without a rebound.
13:33 of 2nd period - Evgeni Malkin wins face-off versus Kris Versteeg in Maple Leafs zone.
13:38 of 2nd period - Snap shot by Justin Abdelkader.
13:38 of 2nd period - Stopped by Roberto Luongo without a rebound.
13:39 of 2nd period - Robert Nilsson wins face-off versus Evgeni Malkin in Blackhawks zone.
14:25 of 2nd period - Icing by Johnny Oduya.
14:26 of 2nd period - Brendan Morrison wins face-off versus Robert Nilsson in Blackhawks zone.
14:37 of 2nd period - Wrist shot by Kris Versteeg.
14:37 of 2nd period - Stopped by Marc-André Fleury with a rebound.
15:11 of 2nd period - Minor Penalty to Colby Armstrong for Roughing.
15:12 of 2nd period - Scott Gomez wins face-off versus Evgeni Malkin in Maple Leafs zone.
15:13 of 2nd period - Slapshot by Henrik Zetterberg.
15:13 of 2nd period - Stopped by Marc-André Fleury without a rebound.
15:14 of 2nd period - Evgeni Malkin wins face-off versus Scott Gomez in Maple Leafs zone.
15:18 of 2nd period - Off-side.
15:19 of 2nd period - Evgeni Malkin wins face-off versus Scott Gomez in neutral zone.
15:28 of 2nd period - Snap shot by Evgeni Malkin.
15:28 of 2nd period - Shot Misses the Net.
15:30 of 2nd period - Wrist shot by Dion Phaneuf.
15:30 of 2nd period - Shot Misses the Net.
15:32 of 2nd period - Slapshot by Tobias Enstrom.
15:32 of 2nd period - Shot Misses the Net.
15:34 of 2nd period - Wrist shot by Evgeni Malkin.
15:34 of 2nd period - Shot Misses the Net.
15:36 of 2nd period - Wrist shot by Evgeni Malkin.
15:36 of 2nd period - Goal by Evgeni Malkin - Maple Leafs : 3 - Blackhawks : 2.
15:37 of 2nd period - Evgeni Malkin wins face-off versus Robert Nilsson in neutral zone.
16:14 of 2nd period - Snap shot by Steve Bernier.
16:14 of 2nd period - Shot Blocked by Tobias Enstrom.
16:32 of 2nd period - Evgeni Malkin is hit by Robert Nilsson and loses puck.
17:11 of 2nd period - Penalty to Colby Armstrong is over, Colby Armstrong is back on ice.
17:41 of 2nd period - Dominic Moore is hit by Colby Armstrong and loses puck.
18:25 of 2nd period - Henrik Zetterberg is hit by Evgeni Malkin and loses puck.
18:39 of 2nd period - Icing by Chris Campoli.
18:40 of 2nd period - Scott Gomez wins face-off versus Matt Pettinger in Blackhawks zone.
18:53 of 2nd period - Oleg Kvasha is hit by Matt Pettinger and loses puck.
19:43 of 2nd period - Snap shot by Steve Ott.
19:43 of 2nd period - Stopped by Roberto Luongo with a rebound.
Goals for this period are 2 for Maple Leafs vs 2 for Blackhawks.
Shots for this period are 9 for Maple Leafs vs 11 for Blackhawks.

3rd period


0:01 of 3rd period - Robert Nilsson wins face-off versus Evgeni Malkin in neutral zone.
0:14 of 3rd period - Snap shot by Evgeni Malkin.
0:14 of 3rd period - Stopped by Roberto Luongo with a rebound.
0:16 of 3rd period - Snap shot by Claude Giroux.
0:16 of 3rd period - Shot Misses the Net.
0:22 of 3rd period - Minor Penalty to Kris Versteeg for Tripping.
0:23 of 3rd period - Evgeni Malkin wins face-off versus Dominic Moore in Blackhawks zone.
0:28 of 3rd period - Snap shot by Evgeni Malkin.
0:28 of 3rd period - Shot Misses the Net.
0:56 of 3rd period - Jamie Langenbrunner is hit by Alex Goligoski and loses puck.
1:42 of 3rd period - Icing by Dion Phaneuf.
1:43 of 3rd period - Oleg Kvasha wins face-off versus Brendan Morrison in Maple Leafs zone.
2:02 of 3rd period - Alexander Frolov is hit by Sheldon Keefe and loses puck.
2:22 of 3rd period - Penalty to Kris Versteeg is over, Kris Versteeg is back on ice.
2:33 of 3rd period - Slapshot by Jordan Staal.
2:33 of 3rd period - Shot Misses the Net.
2:35 of 3rd period - Slapshot by Braydon Coburn.
2:35 of 3rd period - Deflect By Jordan Staal.
2:35 of 3rd period - Stopped by Roberto Luongo without a rebound.
2:36 of 3rd period - Jordan Staal wins face-off versus Scott Gomez in Blackhawks zone.
2:43 of 3rd period - Snap shot by Jordan Staal.
2:43 of 3rd period - Deflect By Colby Armstrong.
2:43 of 3rd period - Stopped by Roberto Luongo with a rebound.
2:45 of 3rd period - Wrist shot by Colby Armstrong.
2:45 of 3rd period - Stopped by Roberto Luongo without a rebound.
2:46 of 3rd period - Scott Gomez wins face-off versus Evgeni Malkin in Blackhawks zone.
2:53 of 3rd period - Henrik Zetterberg is hit by Justin Abdelkader and loses puck.
3:16 of 3rd period - Wrist shot by John Carlson.
3:16 of 3rd period - Stopped by Marc-André Fleury without a rebound.
3:17 of 3rd period - Oleg Kvasha wins face-off versus Brendan Morrison in Maple Leafs zone.
3:20 of 3rd period - Backhand shot by Johnny Oduya.
3:20 of 3rd period - Stopped by Marc-André Fleury without a rebound.
3:21 of 3rd period - Robert Nilsson wins face-off versus Brendan Morrison in Maple Leafs zone.
3:34 of 3rd period - Wrist shot by Jamie Langenbrunner.
3:34 of 3rd period - Stopped by Marc-André Fleury with a rebound.
3:36 of 3rd period - Minor Penalty to Byron Bitz for Hooking.
3:37 of 3rd period - Evgeni Malkin wins face-off versus Robert Nilsson in Maple Leafs zone.
3:46 of 3rd period - Slapshot by Henrik Zetterberg.
3:46 of 3rd period - Stopped by Marc-André Fleury with a rebound.
3:48 of 3rd period - Slapshot by John Carlson.
3:48 of 3rd period - Stopped by Marc-André Fleury without a rebound.
3:49 of 3rd period - Robert Nilsson wins face-off versus Evgeni Malkin in Maple Leafs zone.
4:06 of 3rd period - Snap shot by Robert Nilsson.
4:06 of 3rd period - Shot Misses the Net.
5:03 of 3rd period - Icing by John Carlson.
5:04 of 3rd period - Jordan Staal wins face-off versus Robert Nilsson in Blackhawks zone.
5:28 of 3rd period - Jordan Staal is hit by Chris Campoli and loses puck.
5:36 of 3rd period - Penalty to Byron Bitz is over, Byron Bitz is back on ice.
6:35 of 3rd period - Minor Penalty to Rob Schremp for Hooking.
6:36 of 3rd period - Robert Nilsson wins face-off versus Evgeni Malkin in Maple Leafs zone.
7:03 of 3rd period - Dion Phaneuf is hit by Robert Nilsson and loses puck.
7:21 of 3rd period - Slapshot by Henrik Zetterberg.
7:21 of 3rd period - Shot Misses the Net.
7:23 of 3rd period - Slapshot by Johnny Oduya.
7:23 of 3rd period - Deflect By Kris Versteeg.
7:23 of 3rd period - Deflect By Tobias Enstrom.
7:23 of 3rd period - Shot Hit the Post.
7:23 of 3rd period - Puck is out of play.
7:24 of 3rd period - Evgeni Malkin wins face-off versus Scott Gomez in Maple Leafs zone.
7:37 of 3rd period - Alex Goligoski is hit by Chris Higgins and loses puck.
8:26 of 3rd period - Chris Higgins is hit by Dion Phaneuf and loses puck.
8:27 of 3rd period - Chris Higgins from Blackhawks is injured at 8:27 of 3rd period (Sprained Right Ankle).
8:28 of 3rd period - Robert Nilsson wins face-off versus Evgeni Malkin in Blackhawks zone.
8:28 of 3rd period - Robert Nilsson is hit by Evgeni Malkin.
8:35 of 3rd period - Penalty to Rob Schremp is over, Rob Schremp is back on ice.
8:37 of 3rd period - Minor Penalty to Rob Schremp for Roughing.
8:38 of 3rd period - Robert Nilsson wins face-off versus Evgeni Malkin in Maple Leafs zone.
8:38 of 3rd period - Slapshot by Henrik Zetterberg.
8:38 of 3rd period - Stopped by Marc-André Fleury without a rebound.
8:39 of 3rd period - Evgeni Malkin wins face-off versus Robert Nilsson in Maple Leafs zone.
8:39 of 3rd period - Evgeni Malkin is hit by Jamie Langenbrunner.
10:37 of 3rd period - Penalty to Rob Schremp is over, Rob Schremp is back on ice.
10:43 of 3rd period - Slapshot by Johnny Oduya.
10:43 of 3rd period - Stopped by Marc-André Fleury without a rebound.
10:44 of 3rd period - Colby Armstrong wins face-off versus Dominic Moore in Maple Leafs zone.
11:34 of 3rd period - Slapshot by George Parros.
11:34 of 3rd period - Shot Misses the Net.
11:36 of 3rd period - Snap shot by Oleg Kvasha.
11:36 of 3rd period - Shot Misses the Net.
11:56 of 3rd period - Wrist shot by Evgeni Malkin.
11:56 of 3rd period - Shot Blocked by Jeff Schultz.
11:58 of 3rd period - Snap shot by Evgeni Malkin.
11:58 of 3rd period - Goal by Evgeni Malkin - Maple Leafs : 4 - Blackhawks : 2.
11:59 of 3rd period - Evgeni Malkin wins face-off versus Robert Nilsson in neutral zone.
12:14 of 3rd period - Snap shot by Claude Giroux.
12:14 of 3rd period - Shot Blocked by Robert Nilsson.
12:20 of 3rd period - Minor Penalty to Robert Nilsson for Tripping.
12:21 of 3rd period - Dominic Moore wins face-off versus Evgeni Malkin in Blackhawks zone.
12:21 of 3rd period - Dominic Moore is hit by Alexander Frolov.
13:09 of 3rd period - Wes O'Neill is hit by Evgeni Malkin and loses puck.
14:20 of 3rd period - Penalty to Robert Nilsson is over, Robert Nilsson is back on ice.
14:33 of 3rd period - Snap shot by Colby Armstrong.
14:33 of 3rd period - Deflect By Jordan Staal.
14:33 of 3rd period - Stopped by Roberto Luongo without a rebound.
14:34 of 3rd period - Robert Nilsson wins face-off versus Jordan Staal in Blackhawks zone.
15:44 of 3rd period - Matt Pettinger is hit by Henrik Zetterberg and loses puck.
15:49 of 3rd period - Slapshot by Steve Bernier.
15:49 of 3rd period - Stopped by Marc-André Fleury without a rebound.
15:50 of 3rd period - Evgeni Malkin wins face-off versus Dominic Moore in Maple Leafs zone.
16:03 of 3rd period - Wrist shot by Claude Giroux.
16:03 of 3rd period - Stopped by Roberto Luongo with a rebound.
16:14 of 3rd period - Icing by Oleg Kvasha.
16:15 of 3rd period - Dominic Moore wins face-off versus Jordan Staal in Blackhawks zone.
16:15 of 3rd period - Dominic Moore is hit by Colby Armstrong.
16:21 of 3rd period - Slapshot by Matt Pettinger.
16:21 of 3rd period - Shot Blocked by Johnny Oduya.
17:11 of 3rd period - Slapshot by Evgeni Malkin.
17:11 of 3rd period - Shot Hit the Post.
17:19 of 3rd period - Justin Abdelkader is hit by Dominic Moore.
18:13 of 3rd period - Scott Gomez is hit by Evgeni Malkin and loses puck.
18:34 of 3rd period - Brendan Morrison is hit by Chris Campoli and loses puck.
18:39 of 3rd period - Wrist shot by Robert Nilsson.
18:39 of 3rd period - Stopped by Marc-André Fleury with a rebound.
18:52 of 3rd period - Icing by Johnny Oduya.
18:53 of 3rd period - Jamie Langenbrunner wins face-off versus Rob Schremp in Blackhawks zone.
19:06 of 3rd period - Slapshot by Alex Goligoski.
19:06 of 3rd period - Deflect By Rob Schremp.
19:06 of 3rd period - Shot Misses the Net.
19:06 of 3rd period - Puck is out of play.
19:07 of 3rd period - Jordan Staal wins face-off versus Dominic Moore in Blackhawks zone.
19:08 of 3rd period - Wrist shot by Matt Pettinger.
19:08 of 3rd period - Shot Misses the Net.
19:35 of 3rd period - Off-side.
19:36 of 3rd period - Henrik Zetterberg wins face-off versus Rob Schremp in neutral zone.
19:41 of 3rd period - Snap shot by Henrik Zetterberg.
19:41 of 3rd period - Stopped by Marc-André Fleury without a rebound.
19:42 of 3rd period - Jordan Staal wins face-off versus Henrik Zetterberg in Maple Leafs zone.
19:42 of 3rd period - Jordan Staal is hit by Henrik Zetterberg.
Goals for this period are 1 for Maple Leafs vs 0 for Blackhawks.
Shots for this period are 7 for Maple Leafs vs 10 for Blackhawks.


Output by the SimonT Hockey Simulator (STHS) for François Prévost -- Original Page W3C XHTML 1.0 Valid
Hockey Simulator - Hockey Simulation - Hockey Manager